 Dungeon Crawl Stone Soup version 0.25-b1-37-g2669288c55 (webtiles) character file.

Game seed: 12777156984416517559

607 Jakers the Firebug (level 7, -2/59 HPs)
             Began as an Ogre Fire Elementalist on June 6, 2020.
             Was a Follower of Sif Muna.
             Killed from afar by Ijyb (10 damage)
             ... with a puff of flame
             ... on level 5 of the Dungeon.
             The game lasted 00:16:48 (7783 turns).

Jakers the Firebug (Ogre Fire Elementalist)         Turns: 7783, Time: 00:16:48

Health: -2/59      AC:  4    Str: 14      XL:     7   Next: 43%
Magic:  6/15       EV: 10    Int: 17      God:    Sif Muna [*.....]
Gold:   190        SH:  5    Dex:  7 (9)  Spells: 12/16 levels left

rFire    . . .     SeeInvis .   h - +1 dagger
rCold    . . .     Gourm    .   (no shield)
rNeg     . . .     Faith    .   a - +1 robe
rPois    .         Spirit   .   (helmet restricted)
rElec    .         Reflect  +   (no cloak)
rCorr    .         Harm     .   (gloves unavailable)
MR       .....                  (boots unavailable)
Stlth    ..........             b - amulet of reflection
HPRegen  0.19/turn              l - ring of attention
MPRegen  0.14/turn              (no ring)

@: no status effects
A: large, unfitting armour, tough skin 1
a: Channel Magic, Renounce Religion


You were on level 5 of the Dungeon.
You worshipped Sif Muna.
Sif Muna was aware of your devotion.
You were very hungry.

You visited 1 branch of the dungeon, and saw 5 of its levels.

You collected 190 gold pieces.

Inventory:

Hand Weapons
 h - a +1 dagger (weapon)
Armour
 a - a +1 robe (worn)
 r - a +0 buckler
Jewellery
 b - an amulet of reflection (around neck)
 l - a ring of attention (left hand)
 s - an uncursed ring of see invisible {unknown}
 u - an uncursed amulet of guardian spirit {unknown}
 v - an uncursed ring of fire
 y - an uncursed amulet of magic regeneration {unknown}
Scrolls
 d - 3 scrolls of enchant weapon
 f - a scroll of random uselessness {unknown}
 g - a scroll of identify
 i - 3 scrolls of remove curse
 j - 5 scrolls of teleportation
 m - a scroll of enchant armour
 n - a scroll of immolation
Potions
 e - a potion of stabbing
Comestibles
 c - 8 rations


   Skills:
 - Level 1.7 Dodging
 - Level 1.4 Stealth
 + Level 5.4 Spellcasting
 - Level 0.8 Conjurations
 - Level 6.4 Fire Magic


You had 12 spell levels left.
You knew the following spells:

 Your Spells              Type           Power        Failure   Level  Hunger
a - Foxfire               Conj/Fire      ###.         3%          1    None
b - Conjure Flame         Conj/Fire      ###.....     9%          3    ##.....

Your spell library contained the following spells:

 Spells                   Type           Power        Failure   Level  Hunger
 Inner Flame              Hex/Fire       ###.....     11%         3    ##.....
 Sticky Flame             Conj/Fire      ###.....     30%         4    ####...
 Fireball                 Conj/Fire      ###.......   63%         5    ######.


Dungeon Overview and Level Annotations

Branches:
Dungeon (5/15)
 Temple: D:4-7

Altars:
Dithmenos
Fedhas
Hepliaklqana
Kikubaaqudgha
Okawaru
Sif Muna
Trog
Xom
Yredelemnul
The Shining One

Annotations:
D:5 Ijyb


Innate Abilities, Weirdness & Mutations

You are too large for most types of armour.
You have tough skin. (AC +1)


Message History

* * * LOW HITPOINT WARNING * * *
You barely miss Ijyb.
Ijyb is lightly wounded.
The crimson imp hits you but does no damage.
Ijyb screams, "Die!"
Ijyb hits you but does no damage.
You closely miss Ijyb.
Ijyb is lightly wounded.
The crimson imp blinks!
Ijyb misses you. The crimson imp closely misses you.
Ijyb zaps a wand.
The puff of flame hits you!
* * * LOW HITPOINT WARNING * * *
Ijyb zaps a wand.
The puff of flame hits you.
* * * LOW HITPOINT WARNING * * *
Casting: Foxfire (safe; 3% risk of failure)
Confirm with . or Enter, or press ? or * to list all spells.
The fire begins to smolder!
The crimson imp smothers the flame.
The crimson imp blinks!
Ijyb zaps a wand.
The puff of flame hits you!
You die...

## .. # .#.# .#.# ...##.#
#################......#
#..
.........o.og.ยง.@.5.....
#..o..
...##############.######
.o.. #.########### .#
.... #..5......... .# #o.
####.....## ## #..
#.....# #.##### #.....#
#...... #g....# #.#####
####o....# #.o....


You could see Ijyb, a crimson imp and 2 orcs.

Vanquished Creatures
  2 phantoms (D:4)
  A scorpion (D:4)
  A howler monkey (D:4)
  A hound (D:4)
  An iguana (D:5)
  3 worker ants
  Robin (D:4)
  A gnoll (D:1)
  5 adders
  A shadow imp (D:5)
  An ooze (D:3)
  3 worms (D:3)
  4 dart slugs
  3 leopard geckos
  8 orcs
  11 bats
  6 giant cockroaches
  16 goblins
  9 hobgoblins
  13 jackals
  6 kobolds
  A quokka (D:2)
  2 ball pythons
  4 frilled lizards
  9 rats
113 creatures vanquished.

Vanquished Creatures (others)
  251 foxfires
251 creatures vanquished.

Grand Total: 364 creatures vanquished

Notes
Turn   | Place    | Note
-------+----------+-------------------------------------------
     0 | D:1      | Jakers the Ogre Fire Elementalist began the quest for the
                  | Orb.
     0 | D:1      | Reached XP level 1. HP: 16/16 MP: 3/3
   115 | D:1      | Reached skill level 3 in Fire Magic
   209 | D:1      | Reached XP level 2. HP: 23/24 MP: 0/5
   772 | D:1      | Reached XP level 3. HP: 31/31 MP: 0/6
  1355 | D:1      | Reached skill level 4 in Fire Magic
  1401 | D:1      | Learned a level 3 spell: Conjure Flame
  2424 | D:2      | Reached XP level 4. HP: 30/39 MP: 5/7
  3148 | D:2      | Found a bloodstained altar of Trog.
  3291 | D:2      | Found an ancient bone altar of Kikubaaqudgha.
  3378 | D:2      | Found an iron altar of Okawaru.
  3706 | D:3      | Found a bloodstained altar of Trog.
  3706 | D:3      | Found a glowing golden altar of the Shining One.
  3706 | D:3      | Found a blossoming altar of Fedhas.
  3712 | D:3      | Found a hazy altar of Hepliaklqana.
  3712 | D:3      | Found a shimmering blue altar of Sif Muna.
  3713 | D:3      | Found a basalt altar of Yredelemnul.
  3713 | D:3      | Found a shadowy altar of Dithmenos.
  3714 | D:3      | Found a shimmering altar of Xom.
  3756 | D:3      | Became a worshipper of Sif Muna the Loreminder
  4129 | D:3      | Reached skill level 5 in Fire Magic
  4203 | D:3      | Reached XP level 5. HP: 45/45 MP: 4/8
  5727 | D:4      | Noticed Robin
  5768 | D:4      | Killed Robin
  5938 | D:4      | Reached XP level 6. HP: 26/53 MP: 7/9
  6028 | D:4      | Noticed a phantom
  6044 | D:4      | Killed a phantom
  6044 | D:4      | Reached * piety under Sif Muna
  6044 | D:4      | Reached skill level 6 in Fire Magic
  6676 | D:4      | Reached XP level 7. HP: 39/59 MP: 5/13
  7095 | D:5      | Entered Level 5 of the Dungeon
  7172 | D:5      | Reached skill level 5 in Spellcasting
  7706 | D:5      | Noticed Ijyb
  7783 | D:5      | Killed from afar by Ijyb

Illustrated notes

Levels and vault maps discovered:
D:1:      scummos_arrival_gate, layout_loops_ring
D:2:      layout_loops_ring, gammafunk_temple_overflow_statue, serial_rivers,
          chequers_serial_rivers_small_3, chequers_serial_rivers_small_a,
          chequers_serial_rivers_small_b, chequers_serial_rivers_small_b,
          chequers_serial_rivers_micro_e, hangedman_decor_growths,
          trog_three_pillars_becter
D:3:      layout_basic, grunt_temple_overflow_open
D:4:      layout_loops_ring, first_ration, grunt_decor_one_mirror, minivault_26,
          uniq_robin
D:5:      layout_basic, okawaru_altar_gauntlet_db, uniq_ijyb, uniq_sigmund,
          uniq_crazy_yiuf_cottage

Skill      XL: |  1  2  3  4  5  6  7 |
---------------+----------------------+-----
Fire Magic     | 3 4 5 6 |  6.4
Spellcasting   | 4 5 |  5.4
Dodging        | |  1.7
Stealth        | |  1.4
Conjurations   | |  0.8

Action                   |  1- 3 |  4- 6 |  7- 9 || total
-------------------------+-------+-------+-------++-------
Melee: Unarmed           |    11 |       |       ||    11
       Dagger            |    86 |   203 |    97 ||   386
 Cast: Foxfire           |    73 |   121 |    25 ||   219
       Conjure Flame     |     2 |     7 |     3 ||    12
  Use: Scroll            |     5 |     7 |       ||    12
       Potion            |       |     7 |     1 ||     8
  Eat: Chunk             |     6 |    16 |     2 ||    24
Armor: Robe              |    36 |    57 |    18 ||   111
       Skin              |       |     9 |       ||     9
Dodge: Dodged            |    84 |   108 |    73 ||   265
Block: Other             |    25 |    55 |    22 ||   102
